3L
CHICAGO HAWKS @ KINGSTON TOWNSHIP LEGION
06/18/2031
 
TOP OF THE 1ST
Chicago Hawks batting - Pitching for Kingston Township Legion : RHP Noburo Oishi
Pitching: RHP Noburo Oishi
Batting: RHB Reg Spiers 0-0: Ball
1-0: Ball
2-0: Called Strike
2-1: Ball
3-1: Called Strike
3-2: SINGLE (Groundball, 6MD)
Batting: LHB Jeff Simpson 0-0: Called Strike
0-1: SINGLE (Line Drive, 78M)
Reg Spiers to second
Batting: LHB Scott Janousek 0-0: Foul Ball, location: 2F
0-1: Ball
1-1: Ball
Wild Pitch!
Reg Spiers to third
Jeff Simpson to second
2-1: Called Strike
2-2: Ground out U3 (Groundball, 3S)
Reg Spiers scores
Jeff Simpson to third
Batting: LHB Cole Thrash 0-0: Ball
1-0: Foul Ball, location: 2F
1-1: Ball
2-1: Ball
3-1: Swinging Strike
3-2: Base on Balls
Batting: RHB Kumanosuke Asano 0-0: Ball
Wild Pitch!
Jeff Simpson scores
Cole Thrash to second
1-0: Foul Ball, location: 2F
1-1: Ball
2-1: Ball
3-1: Called Strike
3-2: Base on Balls
Batting: LHB Atílio Mansilhas 0-0: Swinging Strike
0-1: Fly out, F7 (Flyball, 7S)
Batting: RHB Lane McCool 0-0: Ball
1-0: Ball
2-0: Foul Ball, location: 2F
2-1: Ball
3-1: Fly out, F9 (Flyball, 89D)
Top of the 1st over - 2 runs, 2 hits, 0 errors, 2 left on base; Chicago 2 - Kingston Township 0
BOTTOM OF THE 1ST
Kingston Township Legion batting - Pitching for Chicago Hawks : RHP Michael Machen
Pitching: RHP Michael Machen
Batting: RHB Alfredo Cardenas 0-0: Foul Ball, location: 2F
0-1: Called Strike
0-2: Ball
1-2: Strikes out swinging
Batting: LHB António González 0-0: Ground out U3 (Groundball, 34S)
Batting: RHB Ron Bernard 0-0: Ball
1-0: Ground out 6-3 (Groundball, 6)
Bottom of the 1st over - 0 runs, 0 hits, 0 errors, 0 left on base; Chicago 2 - Kingston Township 0
TOP OF THE 2ND
Chicago Hawks batting - Pitching for Kingston Township Legion : RHP Noburo Oishi
Batting: LHB Errol Levick 0-0: Ball
1-0: Called Strike
1-1: Ball
2-1: Ground out 4-3 (Groundball, 4)
Batting: RHB Cam MacIntosh 0-0: Ball
1-0: Ball
2-0: Ball
3-0: Called Strike
3-1: Ground out 6-3 (Groundball, 6D)
Batting: RHB Reg Spiers 0-0: Called Strike
0-1: Fly out, F2 (Popup, 2RF)
Top of the 2nd over - 0 runs, 0 hits, 0 errors, 0 left on base; Chicago 2 - Kingston Township 0
BOTTOM OF THE 2ND
Kingston Township Legion batting - Pitching for Chicago Hawks : RHP Michael Machen
Batting: RHB EP Weston 0-0: Called Strike
0-1: Swinging Strike
0-2: Ball
1-2: Strikes out looking
Batting: RHB Clarence Neal 0-0: Foul Ball, location: 2F
0-1: Swinging Strike
0-2: Strikes out swinging
Batting: LHB Charles Mathes 0-0: Ball
1-0: Foul Ball, location: 2F
1-1: Ball
2-1: Ball
3-1: SINGLE (Groundball, 34D)
Batting: RHB José Icaza 0-0: Ball
1-0: Ball
2-0: Called Strike
2-1: Ball
3-1: Fly out, F9 (Flyball, 9S)
Bottom of the 2nd over - 0 runs, 1 hit, 0 errors, 1 left on base; Chicago 2 - Kingston Township 0
TOP OF THE 3RD
Chicago Hawks batting - Pitching for Kingston Township Legion : RHP Noburo Oishi
Batting: LHB Jeff Simpson 0-0: Ball
1-0: Ball
2-0: Ball
3-0: Called Strike
3-1: Base on Balls
Batting: LHB Scott Janousek 0-0: Swinging Strike
0-1: Swinging Strike
0-2: Ball
1-2: Ball
2-2: Ball
3-2: SINGLE (Line Drive, 56S)
Jeff Simpson to second
Jeff Simpson to third
Batting: LHB Cole Thrash 0-0: Ball
1-0: Ball
2-0: Ball
3-0: Base on Balls
Scott Janousek to second
Batting: RHB Kumanosuke Asano 0-0: Ball
1-0: Foul Ball, location: 2F
1-1: Ball
2-1: GRAND SLAM HOME RUN (Flyball, 7LD), Distance : 369 ft
Batting: LHB Atílio Mansilhas 0-0: Ball
1-0: Ball
2-0: Fly out, F8 (Flyball, 8LM)
Batting: RHB Lane McCool 0-0: Ball
1-0: Swinging Strike
1-1: Called Strike
1-2: Strikes out swinging
Batting: LHB Errol Levick 0-0: Called Strike
0-1: Called Strike
0-2: Ball
1-2: Ball
2-2: SINGLE (Groundball, 4MD)
Batting: RHB Cam MacIntosh 0-0: Ball
1-0: Ball
2-0: Ball
3-0: Base on Balls
Errol Levick to second
Batting: RHB Reg Spiers 0-0: Ball
1-0: Called Strike
1-1: Foul Ball, location: 2F
1-2: Foul Ball, location: 2F
1-2: Ball
2-2: Foul Ball, location: 2F
2-2: Ball
3-2: Ground out 5-3 (Groundball, 56)
Top of the 3rd over - 4 runs, 3 hits, 0 errors, 2 left on base; Chicago 6 - Kingston Township 0
BOTTOM OF THE 3RD
Kingston Township Legion batting - Pitching for Chicago Hawks : RHP Michael Machen
Batting: RHB Júlio Rodríguez 0-0: Called Strike
0-1: Ball
1-1: Foul Ball, location: 2F
1-2: Strikes out swinging
Batting: RHB Jim Scott 0-0: Called Strike
0-1: SINGLE (Groundball, 6D)
Batting: RHB Alfredo Cardenas 0-0: Called Strike
0-1: Ball
1-1: Ball
2-1: Grounds into double play, 6-4-3 (Groundball, 6)
Bottom of the 3rd over - 0 runs, 1 hit, 0 errors, 0 left on base; Chicago 6 - Kingston Township 0
TOP OF THE 4TH
Chicago Hawks batting - Pitching for Kingston Township Legion : RHP Noburo Oishi
Batting: LHB Jeff Simpson 0-0: Fly out, F7 (Flyball, 7S)
Batting: LHB Scott Janousek 0-0: Ball
1-0: Ball
2-0: Ball
3-0: Base on Balls
Pitching: LHP Yusuke Chikafuji
Batting: LHB Cole Thrash 0-0: Foul Ball, location: 2F
0-1: Ball
1-1: Swinging Strike
1-2: Ball
2-2: Ball
3-2: SINGLE (Groundball, 56D)
Scott Janousek to second
Batting: RHB Kumanosuke Asano 0-0: Fly out, F8 (Flyball, 8LS)
Batting: LHB Atílio Mansilhas 0-0: Called Strike
0-1: Ball
1-1: Swinging Strike
1-2: Foul Ball, location: 2F
1-2: Strikes out swinging
Top of the 4th over - 0 runs, 1 hit, 0 errors, 2 left on base; Chicago 6 - Kingston Township 0
BOTTOM OF THE 4TH
Kingston Township Legion batting - Pitching for Chicago Hawks : RHP Michael Machen
Batting: LHB António González 0-0: Ball
1-0: Ball
2-0: Called Strike
2-1: Swinging Strike
2-2: Ball
3-2: Foul Ball, location: 2F
3-2: Foul Ball, location: 2F
3-2: Base on Balls
Batting: RHB Ron Bernard 0-0: Ball
1-0: Ball
2-0: Ball
3-0: Base on Balls
António González to second
Batting: RHB EP Weston 0-0: Ball
1-0: Foul Ball, location: 2F
1-1: Ball
2-1: Ground out 5-3 (Groundball, 56S)
António González to third
Ron Bernard to second
Batting: RHB Clarence Neal 0-0: Ball
1-0: Foul Ball, location: 2F
1-1: Foul Ball, location: 2F
1-2: Ball
2-2: Strikes out looking
Batting: LHB Charles Mathes 0-0: Ball
1-0: DOUBLE (Groundball, 3L)
António González scores
Ron Bernard scores
Batting: RHB José Icaza 0-0: Ball
1-0: Called Strike
1-1: Fly out, F7 (Flyball, 7)
Bottom of the 4th over - 2 runs, 1 hit, 0 errors, 1 left on base; Chicago 6 - Kingston Township 2
TOP OF THE 5TH
Chicago Hawks batting - Pitching for Kingston Township Legion : LHP Yusuke Chikafuji
Batting: RHB Lane McCool 0-0: Foul Ball, location: 2F
0-1: Foul Ball, location: 2F
0-2: Ball
1-2: Strikes out looking
Batting: LHB Errol Levick 0-0: Swinging Strike
0-1: Ball
1-1: Ball
2-1: Swinging Strike
2-2: Fly out, F9 (Flyball, 9LSF)
Batting: RHB Cam MacIntosh 0-0: Fly out, F7 (Flyball, 7D)
Top of the 5th over - 0 runs, 0 hits, 0 errors, 0 left on base; Chicago 6 - Kingston Township 2
BOTTOM OF THE 5TH
Kingston Township Legion batting - Pitching for Chicago Hawks : RHP Michael Machen
Batting: RHB Júlio Rodríguez 0-0: Ball
1-0: Called Strike
1-1: Fly out, F9 (Flyball, 9S)
Batting: RHB Jim Scott 0-0: Called Strike
0-1: Swinging Strike
0-2: SINGLE (Line Drive, 6D)
Batting: RHB Alfredo Cardenas 0-0: Called Strike
0-1: Swinging Strike
0-2: Ball
Wild Pitch!
Jim Scott to second
1-2: Strikes out swinging
Batting: LHB António González 0-0: Fly out, F8 (Flyball, 8LM)
Bottom of the 5th over - 0 runs, 1 hit, 0 errors, 1 left on base; Chicago 6 - Kingston Township 2
TOP OF THE 6TH
Chicago Hawks batting - Pitching for Kingston Township Legion : LHP Yusuke Chikafuji
Batting: RHB Reg Spiers 0-0: Ball
1-0: Foul Ball, location: 2F
1-1: Ground out 4-3 (Groundball, 4)
Batting: LHB Jeff Simpson 0-0: Called Strike
0-1: Called Strike
0-2: Strikes out looking
Batting: LHB Scott Janousek 0-0: Swinging Strike
0-1: Foul Ball, location: 2F
0-2: Foul Ball, location: 2F
0-2: Ball
1-2: Strikes out swinging
Top of the 6th over - 0 runs, 0 hits, 0 errors, 0 left on base; Chicago 6 - Kingston Township 2
BOTTOM OF THE 6TH
Kingston Township Legion batting - Pitching for Chicago Hawks : RHP Michael Machen
Batting: RHB Ron Bernard 0-0: Ball
1-0: Ball
2-0: Ball
3-0: Called Strike
3-1: Fly out, F9 (Flyball, 89D)
Batting: RHB EP Weston 0-0: Foul Ball, location: 2F
0-1: Swinging Strike
0-2: Ball
1-2: Strikes out swinging
Batting: RHB Clarence Neal 0-0: Called Strike
0-1: Foul Ball, location: 2F
0-2: Foul Ball, location: 2F
0-2: Ball
1-2: Strikes out swinging
Bottom of the 6th over - 0 runs, 0 hits, 0 errors, 0 left on base; Chicago 6 - Kingston Township 2
TOP OF THE 7TH
Chicago Hawks batting - Pitching for Kingston Township Legion : LHP Yusuke Chikafuji
Batting: LHB Cole Thrash 0-0: Called Strike
0-1: Called Strike
0-2: Ball
1-2: Strikes out looking
Batting: RHB Kumanosuke Asano 0-0: Called Strike
0-1: Ball
1-1: Swinging Strike
1-2: SINGLE (Line Drive, 56D)
Batting: LHB Atílio Mansilhas 0-0: Called Strike
0-1: Foul Ball, location: 2F
0-2: Strikes out swinging
Batting: RHB Lane McCool 0-0: Ball
1-0: Ground out U3 (Groundball, 3S)
Top of the 7th over - 0 runs, 1 hit, 0 errors, 1 left on base; Chicago 6 - Kingston Township 2
BOTTOM OF THE 7TH
Kingston Township Legion batting - Pitching for Chicago Hawks : RHP Michael Machen
Batting: LHB Charles Mathes 0-0: Foul Ball, location: 2F
0-1: Foul Ball, location: 2F
0-2: Ball
1-2: Ball
2-2: Strikes out swinging
Batting: RHB José Icaza 0-0: Ball
1-0: Fly out, F7 (Flyball, 78S)
Batting: RHB Júlio Rodríguez 0-0: Ball
1-0: Ball
2-0: Ground out 1-3 (Groundball, 13S)
Bottom of the 7th over - 0 runs, 0 hits, 0 errors, 0 left on base; Chicago 6 - Kingston Township 2
TOP OF THE 8TH
Chicago Hawks batting - Pitching for Kingston Township Legion : LHP Yusuke Chikafuji
Batting: LHB Errol Levick 0-0: Ball
1-0: Ball
2-0: Ball
3-0: Called Strike
3-1: Called Strike
3-2: SINGLE (Flyball, 9S)
Batting: RHB Cam MacIntosh 0-0: Ball
1-0: Ball
2-0: Ball
3-0: Base on Balls
Errol Levick to second
Pitching: RHP Yosuke Takahashi
Batting: RHB Reg Spiers 0-0: Ball
1-0: Swinging Strike
1-1: Called Strike
1-2: Ball
2-2: Strikes out swinging
Batting: LHB Jeff Simpson 0-0: Called Strike
0-1: Ball
1-1: Foul Ball, location: 2F
1-2: SINGLE (Line Drive, 8RS)
Errol Levick to third
Cam MacIntosh to second
Batting: LHB Scott Janousek 0-0: Ball
1-0: Ball
2-0: Ball
3-0: Fly out, F8 (Line Drive, 8RD)
Runner from 3rd tags up, SCORES, throw made
Batting: LHB Cole Thrash 0-0: Ball
1-0: Foul Ball, location: 2F
1-1: Ball
2-1: Ball
3-1: Called Strike
3-2: Ground out U3 (Groundball, 3L)
Top of the 8th over - 1 run, 2 hits, 0 errors, 2 left on base; Chicago 7 - Kingston Township 2
BOTTOM OF THE 8TH
Kingston Township Legion batting - Pitching for Chicago Hawks : RHP Michael Machen
Pitching: RHP Javier Mora
Batting: RHB Jim Scott 0-0: Called Strike
0-1: Ball
1-1: Foul Ball, location: 2F
1-2: Strikes out swinging
Batting: RHB Alfredo Cardenas 0-0: Called Strike
0-1: Fly out, F6 (Line Drive, 6M)
Batting: LHB António González 0-0: Ground out 4-3 (Groundball, 4)
Bottom of the 8th over - 0 runs, 0 hits, 0 errors, 0 left on base; Chicago 7 - Kingston Township 2
TOP OF THE 9TH
Chicago Hawks batting - Pitching for Kingston Township Legion : RHP Yosuke Takahashi
Batting: RHB Kumanosuke Asano 0-0: Called Strike
0-1: Ball
1-1: Ball
2-1: Ball
3-1: Called Strike
3-2: Base on Balls
Batting: LHB Atílio Mansilhas 0-0: Ball
1-0: Fly out, F6 (Popup, 6S)
Batting: RHB Lane McCool 0-0: Ball
1-0: Called Strike
1-1: Grounds into double play, 5-4-3 (Groundball, 56)
Top of the 9th over - 0 runs, 0 hits, 0 errors, 0 left on base; Chicago 7 - Kingston Township 2
BOTTOM OF THE 9TH
Kingston Township Legion batting - Pitching for Chicago Hawks : RHP Javier Mora
Batting: RHB Ron Bernard 0-0: Swinging Strike
0-1: Foul Ball, location: 2F
0-2: Ball
1-2: Strikes out looking
Batting: RHB EP Weston 0-0: Ball
1-0: Ball
2-0: Called Strike
2-1: Ball
3-1: Foul Ball, location: 2F
3-2: Strikes out looking
Batting: RHB Clarence Neal 0-0: Called Strike
0-1: Ball
1-1: Called Strike
1-2: Foul Ball, location: 2F
1-2: Ball
2-2: Ball
3-2: Foul Ball, location: 2F
3-2: Foul Ball, location: 2F
3-2: Foul Ball, location: 2F
3-2: Foul Ball, location: 2F
3-2: Base on Balls
Batting: LHB Charles Mathes 0-0: Ball
1-0: Ball
2-0: Foul Ball, location: 2F
2-1: 2-RUN HOME RUN (Flyball, 9LD), Distance : 362 ft
Pitching: RHP Érico Laborde
Batting: RHB José Icaza 0-0: Foul Ball, location: 2F
0-1: Ball
1-1: Foul Ball, location: 2F
1-2: Ball
2-2: Strikes out swinging
Bottom of the 9th over - 2 runs, 1 hit, 0 errors, 0 left on base; Chicago 7 - Kingston Township 4
Tuesday, June 12th, 2018 - OOTP Baseball 18.8 Build 76